 Dungeon Sprint DCSS version 0.30-a0-359-gd0147acb1a (webtiles) character file.

Game seed: 12442845173430985118

40761 rocky1 the Fencer (level 13, -10/116 HPs)
             Began as a Demonspawn Gladiator on Nov 11, 2022.
             Was an Initiate of Gozag.
             Killed from afar by a crystal guardian (25 damage)
             ... with a crystal bolt
             ... in the Dungeon (Sprint III: "The Ten Rune Challenge") on Nov 12, 2022.
             The game lasted 00:28:08 (4683 turns).

rocky1 the Fencer (Demonspawn Gladiator)            Turns: 4683, Time: 00:28:09

Health: -10/116    AC: 24    Str: 20    XL:     13   Next: 6%
Magic:  21/21      EV: 21    Int: 12    God:    Gozag
Gold:   287        SH:  0    Dex: 19    Spells: 16/22 levels left

rFire   . . .      SeeInvis +    n - +6 great sword "Hastrudoi" {vorpal, rElec Str+3 Int+2}
rCold   . . .      Faith    .    (shield currently unavailable)
rNeg    + . .      Spirit   .    v - +3 scale mail {Will+}
rPois   +          Reflect  .    g - +0 mask of the Dragon {Will+ Slay+3 SInv}
rElec   +          Harm     .    w - +2 cloak {Will+}
rCorr   .          Rampage  .    (gloves unavailable)
Will    +++..      NoTele   +    h - +0 pair of boots {Fly}
Stlth   ..........               x - amulet of Tempters {RegenMP +Blink rPois}
HPRegen 0.39/turn                D - +4 ring of protection
MPRegen 0.57/turn                I - ring of Iptis {rN+ EV+4 Str+2}

@: gold aura, flying
A: molten scales 2, icemail 2, spiny 1, condensation shield, demonic touch 3
}: 1/10 runes: barnacled
a: Renounce Religion, Evoke Blink, Potion Petition, Call Merchant, Bribe Branch


You were in the Dungeon.
You worshipped Gozag.
Gozag was aware of your devotion.
You visited 1 branch You collected 11616 gold pieces.
You spent 6019 gold pieces at shops.
You paid 5310 gold pieces to Gozag.

Inventory:

Hand Weapons
 n - the +6 great sword "Hastrudoi" (weapon) {vorpal, rElec Str+3 Int+2}
   (You bought it in a shop in the Dungeon)

   It inflicts extra damage upon your enemies.
   Str:       It affects your strength (+3).
   Int:       It affects your intelligence (+2).
   rElec:     It insulates you from electricity.
 t - a +0 arbalest
Missiles
 d - 2 throwing nets
 e - 6 javelins (quivered)
 E - 7 curare-tipped darts
Armour
 g - the +0 mask of the Dragon (worn) {Will+ Slay+3 SInv}
   (You bought it in a shop in the Dungeon)

   Slay:      It affects your accuracy & damage with ranged weapons and melee
   (+3).
   SInv:      It lets you see invisible.
   Will:      It increases your willpower.
 h - a +0 pair of boots of flying (worn)
 v - a +3 scale mail of willpower (worn)
 w - a +2 cloak of willpower (worn)
Jewellery
 x - the amulet of Tempters (around neck) {RegenMP +Blink rPois}
   (You bought it in a shop in the Dungeon)

   [amulet of magic regeneration]

   It increases your rate of magic regeneration.
   rPois:     It protects you from poison.
   +Blink:    It lets you blink.
 D - a +4 ring of protection (left hand)
 I - the ring of Iptis (right hand) {rN+ EV+4 Str+2}
   (You bought it in a shop in the Dungeon)

   [ring of evasion]

   EV:        It affects your evasion (+4).
   Str:       It affects your strength (+2).
   rN:        It protects you from negative energy.
Scrolls
 k - 2 scrolls of blinking
 m - 2 scrolls of immolation
 p - a scroll of torment
 y - a scroll of amnesia
 z - a scroll of silence
 A - 2 scrolls of enchant weapon
 B - 2 scrolls of enchant armour
Potions
 b - a potion of heal wounds
 c - 2 potions of haste
 f - 6 potions of curing
 i - 3 potions of magic
 l - 3 potions of lignification
 o - 2 potions of flight
 q - 6 potions of mutation
 s - a potion of might
 F - a potion of attraction
 H - a potion of invisibility {unknown}
Miscellaneous
 j - a phantom mirror


   Skills:
 - Level 15.6 Fighting
 - Level 20.8 Long Blades
 - Level 3.1 Throwing
 + Level 11.2 Armour
 + Level 11.4 Dodging
 - Level 0.5 Stealth
 + Level 8.4 Shields
 + Level 5.3 Spellcasting
 + Level 5.3 Translocations
 - Level 6.7 Evocations


You had 16 spell levels left.
You knew the following spells:

 Your Spells              Type           Power      Damage    Failure   Level
a - Blink                 Tloc           32%        N/A       8%          2
b - Manifold Assault      Tloc           16%        N/A       43%         4

Your spell library contained the following spells:

 Spells                   Type           Power      Damage    Failure   Level
 Lesser Beckoning         Tloc           32%        N/A       14%         3
 Momentum Strike          Conj/Tloc      18%        3d8       22%         2
 Sandblast                Erth           6%         2d5       41%         1
 Passwall                 Tmut/Erth      2%         N/A       54%         2
 Kindle Blastsparks       Fire/Tloc/Air  14%        2d11      54%         3
 Ignite Poison            Fire/Tmut/Pois 3%         N/A       78%         3
 Stone Arrow              Conj/Erth      6%         3d7       78%         3
 Freezing Cloud           Conj/Ice/Air   1%         6-21      100%        5
 Storm Form               Tmut/Air       1%         N/A       100%        7


Dungeon Overview and Level Annotations

Branches:
Dungeon (1/1)

Altars:
Cheibriados
Dithmenos
Fedhas
Gozag
Hepliaklqana
Kikubaaqudgha
Makhleb
Nemelex Xobeh
Okawaru
Qazlal
Ru
Sif Muna
Trog
Uskayaw
Vehumet
Wu Jian
Xom
Yredelemnul
Jiyva
Lugonu

Shops:
D [!=:[*(?([**=!?[[*:


Innate Abilities, Weirdness & Mutations

You are mostly covered in molten scales. (AC +3)
A meltable icy envelope protects you from harm. (AC +0)
You are partially covered in sharp spines.
A meltable shield of frost defends you. (SH +0)
Your touch may irresistibly damage your foes and sap their willpower.


Message History

The crystal guardian glitters, brittle, in the dim dungeon light.
The crystal guardian fires a crystalline bolt at you.
The crystal bolt misses you.
You slice the crystal guardian!!
The crystal guardian is severely damaged.
The crystal guardian is struck by your spines.
The crystal guardian misses you.
You slice the crystal guardian like a ripe choko!!!
You destroy the crystal guardian!
You hit the crystal guardian but do no damage.
You slash the crystal guardian!
The crystal guardian is moderately damaged.
The crystal guardian fires a crystalline bolt at you.
The crystal bolt misses you.
You hit the crystal guardian but do no damage.
The crystal guardian is moderately damaged.
The crystal guardian fires a crystalline bolt at you.
The crystal bolt burns you!!
You are too injured to fight recklessly!
You slice the crystal guardian!!
You destroy the crystal guardian!
The crystal guardian fires a crystalline bolt at you.
The crystal bolt burns you!!
* * * LOW HITPOINT WARNING * * *
You see here 252 gold pieces.
You slice the crystal guardian!!
The crystal guardian is heavily damaged.
The crystal guardian fires a crystalline bolt at you.
The crystal bolt freezes you!
* * * LOW HITPOINT WARNING * * *
You feel much better. The crystal guardian hits you.
* * * LOW HITPOINT WARNING * * *
Unknown command.
Okay, then.
You slash the crystal guardian!
The crystal guardian is severely damaged.
The crystal guardian fires a crystalline bolt at you.
The crystal bolt burns you!!
You die...
Your body crumbles into a pile of gold.

,,,,,,*#.#,,,,,,,########,,,,,*,*
,,,,,**#.#,,,,,###.∩⌠⌠∩.#,,*,,*,*
****** #.#,,,###.#.∩⌠⌠∩.#,*,*,*,+
,,,,,**#.#,###...#.∩∩∩∩.#,,,,,*,*
,,,,,,*#.#+#.....#.∩.∩∩.#,,,,,*,*
****,,*#.#...§§§§#...!..#,*,*,+,*
,,,,,,*#.#...§.§§###''###,,*,,*,*
,,,,,**#.....§§§§#.⌠..⌠.#,,,,,***
*******#########@#......#********
,,,,,,**,#.#.#.#9§§.....#,,,*,*,,
,,,,,,**,..9.9.§§§......#,,,***,,
********,.........§.....#,,,,,,,,
*********#+##############,,,,,,,,
~,*,,,***,,,**,*~~~~~~***********
,~*,,,**,,,,,**+*,~~,~*,*,,,,,,,,
,,*+***,,,,,,,***,,,,~*,*+*******
,,+,,,+,,,,,,,+,,,,,,,,,*,,*,,,,,


You could see a crystal guardian.

Vanquished Creatures
  Sigmund (D)
  Rupert (D)
  A kraken (D)
  Gastronok (D)
  4 azure jellies (D)
  2 dire elephants (D)
  Erolcha (D)
  An alligator snapping turtle (D)
  4 death yaks (D)
  Urug (D)
  An orange crystal statue (D)
  A lindwurm (D)
  A deep elf pyromancer (D)
  An orc sorcerer (D)
  2 crystal guardians (D)
  2 black mambas (D)
  Edmund (D)
  2 elephants (D)
  2 cane toads (D)
  A rime drake (D)
  A komodo dragon (D)
  A queen bee (D)
  2 tyrant leeches (D)
  3 wandering mushrooms (D)
  An orc high priest (D)
  8 blink frogs (D)
  5 snapping turtles (D)
  A shadow (D)
  5 redbacks (D)
  A spatial vortex (D)
  A swamp drake (D)
  5 orc warriors (D)
  5 two-headed ogres (D)
  A water elemental (D)
  A necrophage (D)
  32 killer bees (D)
  A jelly (D)
  7 orc priests (D)
  Jessica (D)
  A wizard (D)
  2 orc wizards (D)
  A necromancer (D)
  3 humans (D)
  A kobold demonologist (D)
  A phantom (D)
  6 orcs (D)
  3 rats (D)
  4 tentacles (D)
135 creatures vanquished.

Vanquished Creatures (others)
  2 hydras (D)
  A ballistomycete spore (D)
  A fungus (D)
  18 plants (D)
  3 tentacles (D)
25 creatures vanquished.

Grand Total: 160 creatures vanquished

Notes
Turn   | Place    | Note
-------+----------+-------------------------------------------
     0 | D        | rocky1 the Demonspawn Gladiator began the quest for the
                  | Orb.
     0 | D        | Reached XP level 1. HP: 16/16 MP: 1/1
    17 | D        | Reached skill level 3 in Long Blades
    51 | D        | Noticed Jessica
    57 | D        | Killed Jessica
    58 | D        | Reached skill level 4 in Long Blades
    58 | D        | Gained mutation: A meltable shield of frost defends you.
                  | (SH +0) [demonic ancestry]
    58 | D        | Reached XP level 2. HP: 7/23 MP: 2/2
   251 | D        | Gained mutation: A meltable icy envelope protects you from
                  | harm. (AC +0) [demonic ancestry]
   251 | D        | Reached XP level 3. HP: 10/29 MP: 3/3
   360 | D        | Noticed a water elemental
   366 | D        | Killed a water elemental
   367 | D        | Reached skill level 6 in Long Blades
   367 | D        | Reached skill level 1 in Armour
   367 | D        | Reached skill level 5 in Dodging
   367 | D        | Gained mutation: Your touch may inflict minor irresistible
                  | damage on your foes. [demonic ancestry]
   367 | D        | Reached XP level 4. HP: 20/37 MP: 4/4
   455 | D        | Noticed a shadow
   459 | D        | Killed a shadow
   460 | D        | Reached skill level 5 in Fighting
   460 | D        | Reached skill level 8 in Long Blades
   460 | D        | Reached XP level 5. HP: 42/44 MP: 5/5
   460 | D        | Gained mutation: Your touch may inflict irresistible damage
                  | on your foes. [demonic ancestry]
   460 | D        | Reached XP level 6. HP: 49/51 MP: 6/6
   486 | D        | Found a blossoming altar of Fedhas.
   486 | D        | Found a stormy altar of Qazlal.
   486 | D        | Found a snail-covered altar of Cheibriados.
   486 | D        | Found a burning altar of Makhleb.
   486 | D        | Found a shimmering altar of Xom.
   486 | D        | Noticed a spatial vortex
   487 | D        | Found a hazy altar of Hepliaklqana.
   487 | D        | Found an opulent altar of Gozag.
   487 | D        | Found a sparkling altar of Nemelex Xobeh.
   487 | D        | Found a corrupted altar of Lugonu.
   487 | D        | Found a viscous altar of Jiyva.
   492 | D        | Became a worshipper of Gozag Ym Sagoz the Greedy
   627 | D        | Killed a spatial vortex
   628 | D        | Reached skill level 9 in Long Blades
   628 | D        | Reached skill level 1 in Shields
   649 | D        | Found a basalt altar of Yredelemnul.
   649 | D        | Found a shadowy altar of Dithmenos.
   649 | D        | Found a sacrificial altar of Ru.
   778 | D        | Found a radiant altar of Vehumet.
   778 | D        | Found a shimmering blue altar of Sif Muna.
   778 | D        | Found an ancient bone altar of Kikubaaqudgha.
   781 | D        | Gained mutation: You are partially covered in molten
                  | scales. (AC +2) [demonic ancestry]
   781 | D        | Reached XP level 7. HP: 58/58 MP: 7/7
   804 | D        | Found a hide-covered altar of Uskayaw.
   804 | D        | Found an iron altar of Okawaru.
   804 | D        | Found a bloodstained altar of Trog.
   804 | D        | Found an ornate altar of the Wu Jian Council.
   804 | D        | Noticed a human
   806 | D        | Noticed a human
   807 | D        | Killed a human
   808 | D        | Reached skill level 10 in Long Blades
   814 | D        | Killed a human
   815 | D        | Reached skill level 11 in Long Blades
   838 | D        | Noticed a deep elf pyromancer
   845 | D        | Killed a deep elf pyromancer
   846 | D        | Reached skill level 12 in Long Blades
   846 | D        | Reached skill level 5 in Armour
   846 | D        | Gained mutation: Your touch may irresistibly damage your
                  | foes and sap their willpower. [demonic ancestry]
   846 | D        | Reached XP level 8. HP: 30/67 MP: 8/8
  1179 | D        | Noticed a two-headed ogre
  1187 | D        | Killed a two-headed ogre
  1188 | D        | Reached skill level 13 in Long Blades
  1350 | D        | Bought the +0 mask of the Dragon {Will+ Slay+3 SInv} for
                  | 434 gold pieces
  1350 | D        | Found the +0 mask of the Dragon {Will+ Slay+3 SInv}
  1363 | D        | Found Geym's Assorted Antiques.
  1364 | D        | Noticed an orc sorcerer
  1380 | D        | Killed an orc sorcerer
  1381 | D        | Gained mutation: You are mostly covered in molten scales.
                  | (AC +3) [demonic ancestry]
  1381 | D        | Reached XP level 9. HP: 66/75 MP: 9/9
  1402 | D        | Reached skill level 14 in Long Blades
  1788 | D        | Bought a +3 scale mail of willpower for 338 gold pieces
  1788 | D        | Bought a +2 cloak of willpower for 279 gold pieces
  1854 | D        | Bought a fuming ruby potion for 18 gold pieces
  1854 | D        | Bought a scroll labelled VIOTSU IFUMUAF for 21 gold pieces
  1854 | D        | Bought 2 metallic orange potions for 37 gold pieces
  1854 | D        | Bought a potion of curing for 63 gold pieces
  1854 | D        | Bought a scroll labelled KAJINAN XEMOA for 21 gold pieces
  1854 | D        | Bought a potion of curing for 63 gold pieces
  1854 | D        | Bought a scroll labelled AFAX WO AGUMAMUF for 21 gold
                  | pieces
  1882 | D        | Noticed a two-headed ogre
  1882 | D        | Noticed Erolcha
  1888 | D        | Killed a two-headed ogre
  1895 | D        | Killed Erolcha
  1896 | D        | Reached skill level 10 in Fighting
  1896 | D        | Reached skill level 15 in Long Blades
  1909 | D        | Reached XP level 10. HP: 30/86 MP: 10/10
  2260 | D        | Bought the +6 great sword "Hastrudoi" {vorpal, rElec Str+3
                  | Int+2} for 963 gold pieces
  2264 | D        | Bought a scroll of enchant weapon for 82 gold pieces
  2264 | D        | Bought a scroll of enchant armour for 82 gold pieces
  2264 | D        | Bought a scroll of enchant armour for 82 gold pieces
  2264 | D        | Bought a scroll of blinking for 82 gold pieces
  2264 | D        | Bought a scroll of identify for 22 gold pieces
  2264 | D        | Bought a scroll of identify for 22 gold pieces
  2336 | D        | Reached skill level 5 in Shields
  2491 | D        | Reached skill level 16 in Long Blades
  2669 | D        | Noticed a cane toad
  2669 | D        | Noticed a cane toad
  2674 | D        | Killed a cane toad
  2676 | D        | Killed a cane toad
  2677 | D        | Reached skill level 17 in Long Blades
  2874 | D        | Bought the amulet of Tempters {RegenMP +Blink rPois} for
                  | 626 gold pieces
  2956 | D        | Noticed a lindwurm
  2961 | D        | Killed a lindwurm
  2962 | D        | Gained mutation: You are partially covered in sharp spines.
                  | [demonic ancestry]
  2962 | D        | Reached XP level 11. HP: 96/96 MP: 11/11
  2976 | D        | Noticed Urug
  2984 | D        | Killed Urug
  3150 | D        | Bought a +4 ring of protection for 468 gold pieces
  3159 | D        | Reached skill level 18 in Long Blades
  3159 | D        | Reached skill level 1 in Evocations
  3202 | D        | Noticed Rupert
  3214 | D        | Killed Rupert
  3375 | D        | Noticed an azure jelly
  3375 | D        | Noticed an azure jelly
  3375 | D        | Noticed an azure jelly
  3375 | D        | Noticed an azure jelly
  3377 | D        | Upgraded the game from 0.30-a0-358-g0d69a1922f to
                  | 0.30-a0-359-gd0147acb1a
  3390 | D        | Noticed a death yak
  3390 | D        | Noticed a death yak
  3390 | D        | Noticed a death yak
  3396 | D        | Killed a death yak
  3397 | D        | Noticed a death yak
  3401 | D        | Killed a death yak
  3410 | D        | Killed a death yak
  3411 | D        | Reached skill level 19 in Long Blades
  3411 | D        | Reached skill level 5 in Evocations
  3417 | D        | Killed a death yak
  3529 | D        | Noticed a kraken
  3550 | D        | Killed a kraken
  3551 | D        | Reached XP level 12. HP: 49/108 MP: 12/12
  3778 | D        | Noticed an alligator snapping turtle
  3798 | D        | Killed an alligator snapping turtle
  3799 | D        | Reached skill level 20 in Long Blades
  3812 | D        | Found Sisebad's Book Shop.
  3812 | D        | Found Coocuama's Distillery.
  3812 | D        | Found Loxeff's Antique Armour Shoppe.
  3836 | D        | Killed a five-headed hydra
  3910 | D        | Got a barnacled rune of Zot
  3913 | D        | Bought a pair of embroidered boots for 225 gold pieces
  3913 | D        | Bought a smelly ring mail for 270 gold pieces
  3913 | D        | Identified the +4 ring mail "Wabbyid" {Harm Regen+ Int-3
                  | Dex+6} (You bought it in a shop in the Dungeon)
  3925 | D        | Bought a potion of heal wounds for 70 gold pieces
  3925 | D        | Bought a potion of heal wounds for 70 gold pieces
  3925 | D        | Bought a potion of haste for 140 gold pieces
  3925 | D        | Bought a potion of might for 56 gold pieces
  3927 | D        | Bought an Inescapable Atlas for 416 gold pieces
  3944 | D        | Learned a level 2 spell: Blink
  3990 | D        | Noticed a dire elephant
  3990 | D        | Noticed a dire elephant
  4004 | D        | Reached skill level 15 in Fighting
  4012 | D        | Killed a dire elephant
  4013 | D        | Noticed Gastronok
  4024 | D        | Killed a dire elephant
  4029 | D        | Reached skill level 10 in Dodging
  4032 | D        | Killed Gastronok
  4075 | D        | Learned a level 4 spell: Manifold Assault
  4090 | D        | Killed an azure jelly
  4091 | D        | Reached skill level 1 in Spellcasting
  4091 | D        | Reached skill level 1 in Translocations
  4095 | D        | Killed an azure jelly
  4096 | D        | Reached skill level 10 in Armour
  4102 | D        | Killed an azure jelly
  4112 | D        | Killed an azure jelly
  4300 | D        | Killed a six-headed hydra
  4317 | D        | Noticed Sigmund
  4317 | D        | Noticed Edmund
  4331 | D        | Killed Edmund
  4338 | D        | Killed Sigmund
  4392 | D        | Noticed a yaktaur captain
  4392 | D        | Noticed a yaktaur captain
  4577 | D        | Reached skill level 5 in Spellcasting
  4577 | D        | Reached skill level 5 in Translocations
  4577 | D        | Gained mutation: A meltable icy envelope protects you from
                  | harm. (AC +0) [demonic ancestry]
  4577 | D        | Reached XP level 13. HP: 110/116 MP: 20/20
  4590 | D        | Found Joulun's Magic Scroll Shop.
  4590 | D        | Found Yngobb's Book Shoppe.
  4590 | D        | Found Myty's Jewellery Boutique.
  4590 | D        | Found Utyurirch's Distillery.
  4590 | D        | Found Kucirchaff's Assorted Antiques.
  4590 | D        | Found Meluuhu's Antique Armour Emporium.
  4590 | D        | Found Wirof's Antique Armour Boutique.
  4591 | D        | Found Riaxit's General Store.
  4591 | D        | Found Muqig's General Store.
  4591 | D        | Found Niefu's Antique Armour Shop.
  4591 | D        | Found Usoisol's Antique Weapon Emporium.
  4630 | D        | Bought 2 potions of curing for 60 gold pieces
  4630 | D        | Bought a potion of haste for 100 gold pieces
  4631 | D        | Bought a potion of might for 64 gold pieces
  4631 | D        | Bought a golden potion for 14 gold pieces
  4631 | D        | Bought a scroll of identify for 32 gold pieces
  4631 | D        | Bought a bubbling cyan potion for 14 gold pieces
  4637 | D        | Bought a scroll of immolation for 56 gold pieces
  4637 | D        | Bought a scroll of identify for 28 gold pieces
  4637 | D        | Bought a scroll of enchant weapon for 105 gold pieces
  4639 | D        | Bought the ring of Iptis {rN+ EV+4 Str+2} for 565 gold
                  | pieces
  4649 | D        | Bought a potion of degeneration for 10 gold pieces
  4681 | D        | HP: 5/116 [crystal guardian/crystal bolt (14)]
  4683 | D        | Killed from afar by a crystal guardian

Illustrated notes

Levels and vault maps discovered:
D:        dungeon_sprint_mu [sprint_mu_entry_cave, sprint_mu_temple_rooms,
          sprint_mu_d1_spiders, sprint_mu_d2_genie, sprint_mu_d3_branching,
          sprint_mu_orc_legion, sprint_mu_elf_gauntlet, sprint_mu_hive_nellie,
          sprint_mu_lair_fedhas, sprint_mu_vaults_butterflies,
          sprint_mu_slime_circle, sprint_mu_shoals_kraken,
          sprint_mu_snake_twists, sprint_mu_blade_basic, sprint_mu_crypt_lich,
          sprint_mu_tomb_spiral, sprint_mu_vestibule_basic,
          sprint_mu_gehenna_hellfire, sprint_mu_dis_giant,
          sprint_mu_tartarus_statrot, sprint_mu_cocytus_islands, sprint_mu_zot1]

Skill      XL: |  1  2  3  4  5  6  7  8  9 10 11 12 |
---------------+-------------------------------------+-----
Long Blades    | 4 6 8 9 12 13 15 17 19 20 | 20.8
Dodging        | 4 5 6 7 8 9 11 | 11.4
Throwing       | 2 3 |  3.1
Fighting       | 3 5 6 7 8 10 12 14 15 | 15.6
Armour         | 1 2 4 5 6 8 9 11 | 11.2
Shields        | 1 2 3 4 5 6 8 |  8.4
Evocations     | 6 |  6.7
Spellcasting   | 5 |  5.3
Translocations | 5 |  5.3
Stealth        | |  0.5

Action                   |  1- 3 |  4- 6 |  7- 9 | 10-12 | 13-15 || total
-------------------------+-------+-------+-------+-------+-------++-------
Melee: Long sword        |    31 |    23 |    91 |       |       ||   145
       Touch             |       |     7 |    29 |       |       ||    36
       Punch             |       |       |     4 |       |       ||     4
       Scimitar          |       |       |    24 |       |       ||    24
       Great sword       |       |       |       |   329 |     8 ||   337
Throw: Throwing net      |     2 |       |       |       |       ||     2
       Javelin           |       |       |     1 |       |       ||     1
Invok: Call Merchant     |       |       |     1 |     3 |       ||     4
       Potion Petition   |       |       |     1 |     5 |       ||     6
  Use: Potion            |     1 |       |     3 |     3 |     2 ||     9
       Scroll            |       |       |     3 |     3 |     2 ||     8
 Stab: Held in net/web   |     1 |       |       |       |       ||     1
       Distracted        |       |       |     1 |     8 |       ||     9
       Confused          |       |       |       |     1 |       ||     1
       Invisible         |       |       |       |     3 |       ||     3
Armor: Leather armour    |     7 |     3 |     2 |       |       ||    12
       Scale mail        |       |       |     4 |   118 |       ||   122
       Skin              |       |       |       |     2 |       ||     2
Dodge: Dodged            |    11 |    11 |    31 |   184 |     6 ||   243
Block: Other             |     2 |       |    16 |    40 |       ||    58

Table legend: (Time is in decaauts)
 A = Elapsed time spent in this place.
 B = Non-inter-level travel time spent in this place.
 C = Inter-level travel time spent in this place.
 D = Time resting spent in this place.
 E = Time spent auto-exploring this place.
 F = Levels seen in this place.
 G = Mean time per level.
                   A        B        C        D        E       F      G
               +--------+--------+--------+--------+--------+-----+--------+
         Total |   4590 |   4561 |     29 |   2867 |      0 |   1 | 4590.0 |
       Dungeon |   4590 |   4561 |     29 |   2867 |      0 |   1 | 4590.0 |
               +--------+--------+--------+--------+--------+-----+--------+

Top non-repeatable levels by time:
       D: 4590 daAuts
